General information
- name: BNet
- type: Ladder team game (AT/RT)
- host: Battle.net
- saver: 20minsToSmurf
map: Slalom
- players: 8
- length: 34:25
- speed: Fast
- version: 1.26 W3XP
- replay type: Public
» download(156 KB)
Players
team 1 (winner)

»
Night_Elf_King (
teal | 17 APM | 429 actions | 24:54)
4 Demon Hunter
2 Immolation
2 Mana Burn
» actions
| Build / train | 52 | |
| Enter build submenu | 19 | |
| Enter hero's abilities submenu | 5 | |
| Right click | 122 | |
| Select / deselect | 201 | |
| Use ability | 30 | |
429 total
» units
| Wisp | 17 | |
| Huntress | 4 | |
| Chimaera | 4 | |
| Druid of the Claw | 10 | |
35 total
» upgrades
| Strength of the Wild | 3 | |
| Reinforced Hides | 3 | |
| Corrosive Breath | 1 | |
| Druid of the Claw Training | 2 | |
| Mark of the Claw | 1 | |
10 total
» buildings
| Moon Well | 8 | |
| Ancient of War | 1 | |
| Altar of Elders | 1 | |
| Hunter's Hall | 1 | |
| Tree of Ages | 1 | |
| Tree of Eternity | 1 | |
| Ancient of Wind | 1 | |
| Chimaera Roost | 2 | |
| Tree of Life | 1 | |
| Ancient of Lore | 2 | |
19 total
» build order
00:08 Moon Well
00:12 Ancient of War
00:57 Altar of Elders
02:09 Moon Well
02:27 Hunter's Hall
03:06 Moon Well
03:22 Tree of Ages
04:19 Moon Well
05:15 Moon Well
05:44 Tree of Eternity
06:09 Moon Well
06:42 Ancient of Wind
07:06 Moon Well
08:09 Chimaera Roost
09:04 Chimaera Roost
09:13 Tree of Life
10:44 Moon Well
13:26 Ancient of Lore
13:47 Ancient of Lore

»
20minsToSmurf (
pink | 64 APM | 2204 actions | 34:25)
4 Archmage
2 Blizzard
2 Brilliance Aura
3 Paladin
1 Holy Light
2 Divine Shield
1 Blood Mage
1 Flame Strike
» actions
| Assign group hotkey | 24 | |
| Basic commands | 344 | |
| Build / train | 84 | |
| ESC pressed | 5 | |
| Enter build submenu | 52 | |
| Enter hero's abilities submenu | 9 | |
| Right click | 489 | |
| Select / deselect | 569 | |
| Select group hotkey | 551 | |
| Use ability | 77 | |
2204 total
» units
| Peasant | 26 | |
| Mortar Team | 14 | |
| Dragonhawk Rider | 1 | |
41 total
» upgrades
| Masonry | 2 | |
| Lumber Harvesting | 1 | |
| Magic Sentry | 1 | |
| Swords | 1 | |
| Flare | 1 | |
| Gunpowder | 2 | |
| Fragmentation Shards | 1 | |
| Storm Hammers | 1 | |
10 total
» buildings
| Altar of Kings | 1 | |
| Lumber Mill | 2 | |
| Scout Tower | 25 | |
| Farm | 8 | |
| Guard Tower | 17 | |
| Arcane Vault | 2 | |
| Keep | 1 | |
| Blacksmith | 1 | |
| Gryphon Aviary | 2 | |
| Town Hall | 2 | |
| Arcane Sanctum | 1 | |
| Workshop | 2 | |
| Castle | 1 | |
65 total
» build order
00:05 Altar of Kings
00:17 Lumber Mill
01:54 Scout Tower
01:54 Scout Tower
02:10 Farm
02:44 Lumber Mill
02:52 Scout Tower
02:53 Scout Tower
02:57 Guard Tower
02:58 Scout Tower
02:58 Scout Tower
03:22 Farm
03:28 Guard Tower
03:47 Farm
03:50 Farm
04:32 Guard Tower
05:37 Guard Tower
05:41 Scout Tower
05:48 Scout Tower
06:15 Guard Tower
06:16 Scout Tower
06:22 Scout Tower
06:30 Scout Tower
06:40 Farm
06:44 Guard Tower
06:46 Scout Tower
06:52 Guard Tower
07:00 Guard Tower
07:46 Arcane Vault
07:49 Scout Tower
07:51 Guard Tower
07:51 Scout Tower
07:52 Scout Tower
08:06 Keep
08:15 Blacksmith
08:28 Arcane Vault
08:28 Guard Tower
08:32 Guard Tower
08:57 Scout Tower
08:58 Scout Tower
09:44 Guard Tower
09:45 Scout Tower
09:45 Scout Tower
10:25 Guard Tower
10:25 Scout Tower
10:26 Scout Tower
10:55 Guard Tower
10:56 Gryphon Aviary
11:35 Town Hall
12:26 Arcane Sanctum
13:10 Gryphon Aviary
13:37 Workshop
13:42 Workshop
14:47 Castle
15:46 Scout Tower
15:49 Scout Tower
16:19 Farm
16:20 Farm
16:22 Farm
16:41 Guard Tower
17:28 Scout Tower
17:33 Scout Tower
19:05 Guard Tower
23:11 Town Hall
» items
| Potion of Healing | 1 | |
| Orb of Lightning | 1 | |
| Scroll of Speed | 1 | |
3 total
gbush12 (
purple | 16 APM | 563 actions | 34:23)
2 Far Seer
1 Far Sight
1 Feral Spirit
» actions
| Assign group hotkey | 7 | |
| Basic commands | 8 | |
| Build / train | 48 | |
| Enter build submenu | 15 | |
| Enter hero's abilities submenu | 2 | |
| Right click | 162 | |
| Select / deselect | 223 | |
| Select group hotkey | 47 | |
| Use ability | 51 | |
563 total
» units
» upgrades
| Armor | 3 | |
| Ranged Weapons | 3 | |
| Liquid Fire | 1 | |
7 total
» buildings
| Orc Burrow | 9 | |
| Altar of Storms | 1 | |
| War Mill | 1 | |
| Stronghold | 1 | |
| Voodoo Lounge | 1 | |
| Beastiary | 3 | |
| Fortress | 1 | |
17 total
» build order
00:16 Orc Burrow
01:12 Altar of Storms
02:29 War Mill
02:39 Stronghold
02:54 Voodoo Lounge
03:13 Orc Burrow
04:15 Orc Burrow
05:11 Beastiary
05:15 Beastiary
05:19 Beastiary
05:24 Orc Burrow
05:29 Fortress
06:30 Orc Burrow
11:22 Orc Burrow
13:15 Orc Burrow
14:19 Orc Burrow
15:40 Orc Burrow
GonerIch (
blue | 32 APM | 843 actions | 26:33)
7 Demon Hunter
3 Immolation
3 Evasion
1 Metamorphosis
» actions
| Basic commands | 10 | |
| Build / train | 86 | |
| Enter build submenu | 18 | |
| Enter hero's abilities submenu | 7 | |
| Give item / drop item | 4 | |
| Right click | 341 | |
| Select / deselect | 315 | |
| Use ability | 62 | |
843 total
» units
| Wisp | 19 | |
| Archer | 30 | |
| Hippogryph | 14 | |
63 total
» upgrades
| Strength of the Moon | 3 | |
| Moon Armor | 3 | |
| Hippogryph Taming | 1 | |
| Improved Bows | 1 | |
| Marksmanship | 1 | |
| Well Spring | 1 | |
10 total
» buildings
| Altar of Elders | 1 | |
| Moon Well | 8 | |
| Tree of Ages | 1 | |
| Hunter's Hall | 1 | |
| Ancient of War | 1 | |
| Ancient of Wind | 2 | |
| Tree of Eternity | 1 | |
| Tree of Life | 1 | |
16 total
» build order
00:04 Altar of Elders
00:09 Moon Well
01:02 Moon Well
01:43 Moon Well
02:47 Tree of Ages
02:55 Hunter's Hall
03:00 Moon Well
03:34 Moon Well
03:40 Moon Well
05:00 Ancient of War
05:09 Ancient of Wind
05:11 Ancient of Wind
05:30 Tree of Eternity
10:17 Tree of Life
13:45 Moon Well
13:56 Moon Well
» items
| Periapt of Vitality | 1 | |
| Scroll of Regeneration | 1 | |
2 total
team 2 (loser)
Seize (
green | 20 APM | 383 actions | 19:00)
2 Warden
1 Shadow Strike
1 Blink
» actions
| Assign group hotkey | 10 | |
| Build / train | 48 | |
| Enter build submenu | 17 | |
| Enter hero's abilities submenu | 2 | |
| Right click | 121 | |
| Select / deselect | 75 | |
| Select group hotkey | 88 | |
| Use ability | 22 | |
383 total
» units
| Wisp | 12 | |
| Archer | 1 | |
| Hippogryph | 10 | |
| Chimaera | 8 | |
31 total
» upgrades
| Strength of the Wild | 3 | |
| Reinforced Hides | 3 | |
| Corrosive Breath | 1 | |
| Well Spring | 1 | |
| Ultravision | 1 | |
| Sentinel | 1 | |
| Strength of the Moon | 1 | |
| Moon Armor | 1 | |
12 total
» buildings
| Moon Well | 8 | |
| Altar of Elders | 1 | |
| Ancient of War | 2 | |
| Tree of Ages | 1 | |
| Hunter's Hall | 1 | |
| Tree of Eternity | 1 | |
| Ancient of Wind | 2 | |
| Chimaera Roost | 2 | |
18 total
» build order
00:48 Moon Well
00:52 Altar of Elders
01:08 Ancient of War
02:03 Ancient of War
02:12 Moon Well
06:44 Tree of Ages
06:52 Hunter's Hall
06:59 Moon Well
07:05 Moon Well
09:06 Tree of Eternity
09:15 Ancient of Wind
09:21 Ancient of Wind
09:33 Moon Well
09:39 Moon Well
11:43 Chimaera Roost
11:51 Chimaera Roost
17:04 Moon Well
17:09 Moon Well

»
ih8teamkillers (
red | 57 APM | 1957 actions | 34:23)
10 Death Knight
3 Death Coil
3 Unholy Aura
3 Death Pact
1 Animate Dead
» actions
| Assign group hotkey | 193 | |
| Basic commands | 326 | |
| Build / train | 110 | |
| ESC pressed | 5 | |
| Enter build submenu | 42 | |
| Enter hero's abilities submenu | 14 | |
| Give item / drop item | 4 | |
| Right click | 352 | |
| Select / deselect | 230 | |
| Select group hotkey | 555 | |
| Use ability | 126 | |
1957 total
» units
| Acolyte | 27 | |
| Ghoul | 6 | |
| Frost Wyrm | 17 | |
50 total
» upgrades
| Creature Attack | 3 | |
| Creature Carapace | 3 | |
| Freezing Breath | 1 | |
7 total
» buildings
| Ziggurat | 34 | |
| Crypt | 1 | |
| Altar of Darkness | 1 | |
| Tomb of Relics | 1 | |
| Halls of the Dead | 4 | |
| Graveyard | 1 | |
| Spirit Tower | 26 | |
| Sacrificial Pit | 1 | |
| Black Citadel | 2 | |
| Boneyard | 2 | |
| Nerubian Tower | 1 | |
| Necropolis | 5 | |
79 total
» build order
00:07 Ziggurat
00:10 Crypt
00:34 Altar of Darkness
01:41 Tomb of Relics
01:53 Ziggurat
02:33 Halls of the Dead
02:33 Halls of the Dead
02:34 Halls of the Dead
02:56 Graveyard
03:42 Ziggurat
04:41 Spirit Tower
04:43 Spirit Tower
05:02 Sacrificial Pit
05:32 Black Citadel
06:54 Ziggurat
07:53 Boneyard
07:54 Boneyard
09:34 Ziggurat
09:34 Ziggurat
09:35 Ziggurat
10:28 Ziggurat
10:30 Spirit Tower
10:44 Spirit Tower
10:49 Spirit Tower
10:49 Spirit Tower
10:50 Spirit Tower
10:50 Spirit Tower
11:26 Spirit Tower
11:34 Nerubian Tower
12:40 Ziggurat
12:41 Ziggurat
13:11 Ziggurat
13:12 Ziggurat
13:12 Ziggurat
13:13 Ziggurat
13:17 Ziggurat
13:38 Ziggurat
14:08 Spirit Tower
14:14 Spirit Tower
14:15 Spirit Tower
14:30 Spirit Tower
14:30 Spirit Tower
17:29 Necropolis
20:20 Ziggurat
20:20 Ziggurat
20:21 Ziggurat
20:22 Ziggurat
21:53 Necropolis
22:01 Spirit Tower
22:01 Spirit Tower
22:08 Spirit Tower
22:25 Spirit Tower
24:17 Ziggurat
24:17 Ziggurat
25:13 Necropolis
25:18 Necropolis
25:31 Ziggurat
26:26 Ziggurat
26:26 Ziggurat
26:27 Ziggurat
26:27 Ziggurat
27:00 Ziggurat
27:02 Ziggurat
28:01 Spirit Tower
28:01 Spirit Tower
28:21 Spirit Tower
29:01 Necropolis
31:13 Spirit Tower
31:42 Ziggurat
31:42 Ziggurat
31:43 Ziggurat
» items
| Rod of Necromancy | 1 | |
| Dust of Appearance | 1 | |
| Orb of Corruption | 1 | |
| Sacrificial Skull | 1 | |
| Scroll of Healing | 1 | |
5 total

»
Fallendruid (
orange | 34 APM | 642 actions | 19:04)
2 Death Knight
1 Death Coil
1 Unholy Aura
» actions
| Build / train | 52 | |
| Enter build submenu | 23 | |
| Enter hero's abilities submenu | 2 | |
| Remove unit from queue | 5 | |
| Right click | 362 | |
| Select / deselect | 172 | |
| Use ability | 26 | |
642 total
» units
| Acolyte | 8 | |
| Ghoul | 5 | |
| Crypt Fiend | 18 | |
31 total
» upgrades
| Creature Carapace | 3 | |
| Creature Attack | 3 | |
| Web | 1 | |
| Burrow | 1 | |
8 total
» buildings
| Altar of Darkness | 1 | |
| Crypt | 2 | |
| Ziggurat | 11 | |
| Graveyard | 2 | |
| Halls of the Dead | 1 | |
| Necropolis | 1 | |
| Black Citadel | 1 | |
| Spirit Tower | 3 | |
| Sacrificial Pit | 2 | |
| Tomb of Relics | 1 | |
25 total
» build order
01:04 Altar of Darkness
01:20 Crypt
01:25 Ziggurat
01:32 Ziggurat
02:06 Crypt
03:30 Graveyard
03:39 Graveyard
03:47 Halls of the Dead
04:01 Ziggurat
04:09 Ziggurat
08:01 Necropolis
09:42 Black Citadel
10:29 Ziggurat
10:33 Ziggurat
10:37 Ziggurat
10:52 Ziggurat
10:57 Ziggurat
11:34 Spirit Tower
12:02 Ziggurat
12:05 Ziggurat
12:11 Spirit Tower
13:29 Spirit Tower
15:32 Sacrificial Pit
15:42 Sacrificial Pit
15:58 Tomb of Relics
hit2hard (
yellow | 29 APM | 552 actions | 18:57)
4 Archmage
2 Summon Water Elemental
1 Blizzard
1 Brilliance Aura
2 Blood Mage
1 Flame Strike
1 Banish
» actions
| Assign group hotkey | 8 | |
| Basic commands | 3 | |
| Build / train | 45 | |
| Enter build submenu | 20 | |
| Enter hero's abilities submenu | 6 | |
| Remove unit from queue | 1 | |
| Right click | 213 | |
| Select / deselect | 158 | |
| Select group hotkey | 71 | |
| Use ability | 27 | |
552 total
» units
| Peasant | 9 | |
| Rifleman | 6 | |
| Footman | 5 | |
| Mortar Team | 7 | |
| Siege Engine | 4 | |
31 total
» upgrades
» buildings
| Farm | 11 | |
| Altar of Kings | 1 | |
| Blacksmith | 1 | |
| Barracks | 1 | |
| Lumber Mill | 1 | |
| Keep | 1 | |
| Castle | 1 | |
| Workshop | 2 | |
| Town Hall | 1 | |
20 total
» build order
00:06 Farm
00:11 Altar of Kings
00:50 Farm
01:37 Blacksmith
01:49 Barracks
02:01 Farm
02:54 Farm
03:19 Lumber Mill
04:19 Keep
04:23 Farm
06:43 Castle
06:46 Farm
10:00 Workshop
10:02 Workshop
11:20 Farm
11:22 Farm
12:09 Farm
12:11 Farm
14:50 Town Hall
17:34 Farm
Chat log
(00:21 / Allies) gbush12: u guys cool with me goin bats
(00:24 / Allies) Night_Elf_King: tower
(00:30 / Allies) 20minsToSmurf: yeah
(00:31 / Allies) 20minsToSmurf: i'll dot hat
(00:42 / Allies) gbush12: ill go straight to bats then
(01:00 / Allies) 20minsToSmurf: ok
(01:22 / Allies) 20minsToSmurf: yeah?
(01:23 / All) Night_Elf_King: dafuq u doing
(01:27 / Allies) 20minsToSmurf: yu just said tower mid
(01:47 / Allies) 20minsToSmurf: well
(01:51 / Allies) 20minsToSmurf: yopu pinged mid and said "tower"
(01:56 / Allies) 20minsToSmurf: so that's what i'm doing
(02:01 / Allies) 20minsToSmurf: I even said I was
(02:03 / Allies) 20minsToSmurf: and you had no opposition then
(02:13 / All) Night_Elf_King: ok
(03:02 / Allies) gbush12: nice
(03:02 / Allies) 20minsToSmurf: yeah
(03:03 / Allies) 20minsToSmurf: thanks lol
(03:28 / Allies) Night_Elf_King: anyone have some lumba
(03:34 / Allies) gbush12: i need it sry
(03:42 / Allies) gbush12: wat u goin teal?
(03:51 / Allies) Night_Elf_King: dunno
(03:54 / Allies) GonerIch: hip riders
(05:39 / Allies) gbush12: keep goin
(05:41 / Allies) 20minsToSmurf: yeah
(05:45 / Allies) 20minsToSmurf: kinda getting my stuff together
(05:49 / Allies) gbush12: bats comin
(05:58 / Allies) 20minsToSmurf: wood would be nice
(07:10 / Allies) gbush12: ill trade 100 lumb for gold
(07:31 / Allies) 20minsToSmurf: gonna pass it?
(07:33 / Allies) 20minsToSmurf: thansk
(09:42 / Allies) gbush12: got bats goin in
(10:00 / Allies) Night_Elf_King: lumber?
(10:47 / Allies) 20minsToSmurf: teal
(12:18 / Allies) gbush12: goin
(12:19 / Allies) gbush12: in
(12:21 / Allies) Night_Elf_King: do we have aa
(12:25 / Allies) gbush12: me
(12:27 / Allies) Night_Elf_King: purple
(12:29 / Allies) Night_Elf_King: wait
(12:33 / Allies) Night_Elf_King: no
(12:50 / Allies) GonerIch: pupler come bak
(12:55 / Allies) Night_Elf_King: PURP BACK!
(12:58 / Allies) GonerIch: wen u dont kilin him
(13:08 / Allies) GonerIch: nvm
(13:12 / Allies) Night_Elf_King: we need melee
(13:13 / Allies) GonerIch: u got own lol
(13:40 / Allies) Night_Elf_King: lumber quick
(13:45 / Allies) 20minsToSmurf: got none
(13:48 / Allies) Night_Elf_King: ty
(13:52 / Allies) gbush12: ya
(14:09 / Allies) gbush12: i got aa
(14:25 / Allies) GonerIch: ............
(14:40 / Allies) gbush12: i need gold for lumb
(14:44 / Allies) gbush12: if u guys need it
(14:58 / Allies) gbush12: ty
(15:13 / Allies) gbush12: ty
(15:21 / Allies) Night_Elf_King: blue don't go in there
(15:22 / Allies) 20minsToSmurf: thasnk
(15:30 / Allies) gbush12: haha
(15:30 / Allies) Night_Elf_King: spiders
(16:39 / Allies) gbush12: rdy when u are
(16:41 / Allies) Night_Elf_King: guys wait
(16:43 / Allies) Night_Elf_King: for bears
(16:46 / Allies) Night_Elf_King: get in mid by towers
(16:47 / Allies) gbush12: k
(16:51 / Allies) gbush12: b
(16:53 / Allies) gbush12: blue
(16:53 / Allies) Night_Elf_King: bbb
(16:54 / Allies) Night_Elf_King: b
(16:55 / Allies) Night_Elf_King: b
(16:56 / Allies) Night_Elf_King: b
(17:01 / Allies) Night_Elf_King: guys...we have no melee.
(17:04 / Allies) Night_Elf_King: get to mid!
(17:06 / Allies) Night_Elf_King: BLUE!
(17:15 / Allies) 20minsToSmurf: they atakcing
(17:15 / Allies) Night_Elf_King: FUCKING STOP
(17:16 / Allies) 20minsToSmurf: the top
(17:18 / Allies) gbush12: blue i can blow them up
(17:23 / Allies) 20minsToSmurf: come defend
(17:24 / Allies) 20minsToSmurf: the top
(18:12 / All) ih8teamkillers: okay everyone listen up
(18:15 / All) ih8teamkillers: This is a standoff
(18:30 / All) ih8teamkillers: We are going to kill all allies units and food buildings, and then our own
(18:32 / All) ih8teamkillers: Best internet wins
(18:34 / Allies) 20minsToSmurf: back your hcism teal
(18:54 / Allies) gbush12: i need gold fast
(18:57 / Allies) gbush12: i can counter
(19:02 / Allies) gbush12: blow up their bases
(19:44 / Allies) 20minsToSmurf: i can't do anything about teals air
(20:03 / Allies) gbush12: pink wat u doin
(20:06 / Allies) gbush12: we about to win
(20:13 / Allies) gbush12: can u stop
(20:46 / All) Night_Elf_King: lol pink
(20:55 / Allies) gbush12: teal wanna hit
(20:59 / Allies) Night_Elf_King: yes
(21:10 / Allies) gbush12: blue u in
(21:14 / Allies) gbush12: lets go
(21:52 / Allies) gbush12: lets go
(22:10 / Allies) gbush12: blue u hit top
(22:24 / Allies) gbush12: h/o
(22:25 / Allies) gbush12: teal
(22:27 / Allies) Night_Elf_King: need bats to focus on twoer
(22:29 / Allies) gbush12: lemme use farser
(22:48 / Allies) Night_Elf_King: lets go
(23:50 / Allies) GonerIch: wow dead ass?
(23:53 / All) Night_Elf_King: wow
(23:55 / Allies) GonerIch: pink wtf
(24:06 / All) Night_Elf_King: GG
(24:07 / All) 20minsToSmurf: just like you said
(24:07 / All) 20minsToSmurf: we won
(24:11 / All) 20minsToSmurf: rite teal
(24:13 / All) 20minsToSmurf: RITE
(24:14 / All) Night_Elf_King: pink a team killing fucktard
(24:19 / Allies) GonerIch: i need god\
(24:21 / All) Night_Elf_King: What pink?
(24:22 / All) 20minsToSmurf: i find it hard to belive
(24:24 / Allies) GonerIch: GOLD
(24:27 / All) 20minsToSmurf: the three of you
(24:29 / All) 20minsToSmurf: Couldn't kill one guy
(24:35 / All) Night_Elf_King: ?
(24:41 / All) Night_Elf_King: really?
(25:00 / Allies) GonerIch: PINK STOP
(25:08 / Allies) GonerIch: I WANNA WIN
(25:53 / All) GonerIch: OMFG
(26:00 / All) GonerIch: PINK IS A DICK
(26:08 / Allies) gbush12: pink y u doin this
(26:12 / All) GonerIch: U DEADASS WON
(26:19 / All) GonerIch: FAGGOT
(26:37 / Allies) gbush12: pink y
(27:59 / All) gbush12: red u got lucky man
(28:02 / All) gbush12: gg for u
(28:10 / All) ih8teamkillers: the backstabber is my friend
(28:15 / All) gbush12: pink prolly jerkin himself to blowin us up
(28:17 / All) ih8teamkillers: sucks for you
(28:18 / All) gbush12: i figured
(28:23 / All) gbush12: based on ur name
(28:35 / All) 20minsToSmurf: Anyway
(28:37 / All) gbush12: o so u suckin him off or the other way around
(28:40 / All) 20minsToSmurf: How annoying were your allies red?
(28:41 / All) gbush12: ?
(28:49 / All) ih8teamkillers: they barely did or said anything all game
(28:53 / All) ih8teamkillers: just sat in their bases teching
(28:55 / All) 20minsToSmurf: ok
(29:05 / All) 20minsToSmurf: should we give purp the win?
(29:11 / All) ih8teamkillers: nah not with all those insults
(29:14 / All) 20minsToSmurf: Fair enough
(29:18 / All) gbush12: lol
(29:32 / All) 20minsToSmurf: come at it
(29:34 / All) gbush12: u guys funny thinkin i actually care
(29:44 / All) ih8teamkillers: where are all your teams expos
(29:45 / All) ih8teamkillers: Lol
(29:49 / All) 20minsToSmurf: I killed them
(29:57 / All) ih8teamkillers: oh right
(30:01 / All) 20minsToSmurf: LOl
(30:14 / All) 20minsToSmurf: you gonna attack?
(30:18 / All) ih8teamkillers: hey blue
(30:22 / All) ih8teamkillers: how do bats fare against fiends?
(30:27 / All) ih8teamkillers: just wondering
(30:27 / All) gbush12: he left dumbass
(30:35 / All) 20minsToSmurf: it was purp making the bats though
(30:40 / All) ih8teamkillers: oh whoever
(30:46 / All) gbush12: u guys shouldnt be studying for ur social studies class?
(30:57 / All) ih8teamkillers: sorry kid, I graduated 20 years ago
(31:15 / All) gbush12: damn u must be livin in ur moms basement still
(31:18 / All) gbush12: that sucks
(31:23 / All) ih8teamkillers: BULLSHIT I DONT LIVE IN HER BASEMENT
(31:28 / All) gbush12: playin this at like wat 30 now?
(31:31 / All) ih8teamkillers: I LIVE IN HER ATTIC, YOU DICK
(31:39 / All) gbush12: cozy up there?
(31:53 / All) ih8teamkillers: YEAH IM TIGHT HERE WITH UR SISTER LAWL
(32:10 / All) gbush12: dont have one
(32:16 / All) gbush12: thats prob ur mom
(33:05 / All) gbush12: how is she?
(33:07 / All) gbush12: wet
(33:13 / All) gbush12: u should put it in her
(33:21 / All) gbush12: only action u prob get
(33:28 / All) ih8teamkillers: DUDE THATS SICK MY MOM DIED FIFTEEN YEARS AGO YOU SICK FUCK
(33:37 / All) gbush12: u prob still do it
(33:49 / All) gbush12: u bleedin out ur ass or somethin?
(33:54 / All) gbush12: caps od
(34:10 / All) 20minsToSmurf: OK
(34:11 / All) 20minsToSmurf: This is over
(34:15 / All) ih8teamkillers: GG!@
(34:20 / All) gbush12: u too